 Dungeon Crawl Stone Soup version 0.18.1-48-g4cf74bf (webtiles) character file.

116 Heedrag the Conjurer (level 4, -4/24 HPs)
             Began as a Deep Elf Conjurer on Aug 13, 2016.
             Slain by a gnoll
             ... wielding a +0 halberd
              (12 damage)
             ... on level 2 of the Dungeon.
             The game lasted 00:04:41 (2043 turns).

Heedrag the Conjurer (Deep Elf Conjurer)            Turns: 2043, Time: 00:04:42

Health: -4/24      AC:  2    Str:  6    XL:     4   Next: 69%
Magic:  11/12      EV: 13    Int: 20    God:
Gold:   133        SH:  0    Dex: 15    Spells: 1 memorised, 11 levels left

rFire  . . .     SeeInvis .     o - -3 hand axe (curse)
rCold  . . .     Gourm    .     a - +0 robe
rNeg   . . .     Faith    .     (no shield)
rPois  .         Spirit   .     (no helmet)
rElec  .         Dismiss  .     (no cloak)
rCorr  .         Reflect  .     (no gloves)
SustAt .         Harm     .     (no boots)
MR     .....                    (no amulet)
Stlth  ++........               (no ring)
                                (no ring)

@: lethally poisoned (-4 -> -17), not resistant to hostile enchantments,
unstealthy
A: no striking features
a: no special abilities


You were on level 2 of the Dungeon.
You were not hungry.

You visited 1 branch of the dungeon, and saw 3 of its levels.

You collected 133 gold pieces.

Inventory:

Hand Weapons
 e - a +0 dagger
 o - a cursed -3 hand axe (weapon)
Armour
 a - a +0 robe (worn)
Scrolls
 d - 2 scrolls of enchant weapon {unknown}
 m - a scroll of amnesia {unknown}
 n - 2 scrolls of identify {unknown}
Potions
 f - 4 potions of curing {unknown}
 g - a potion of flight {unknown}
 h - a potion of berserk rage {unknown}
 j - a potion of might {unknown}
 k - a potion of degeneration {unknown}
 l - a potion of cancellation {unknown}
 p - a potion of lignification {unknown}
Books
 b - a book of Conjurations

   Spells                             Type                      Level
   a - Magic Dart                     Conjuration                  1
   b - Searing Ray                    Conjuration                  2
   c - Dazzling Spray                 Conjuration/Hexes            3
   d - Fulminant Prism                Conjuration/Hexes            4
   e - Iskenderun's Mystic Blast      Conjuration                  4
   f - Iskenderun's Battlesphere      Conjuration/Charms           5
Comestibles
 c - 3 bread rations


   Skills:
 - Level 2.4 Dodging
 - Level 2.4 Stealth
 + Level 4.6 Spellcasting
 * Level 6.0 Conjurations


You had 11 spell levels left.
You knew the following spells:

 Your Spells              Type           Power        Failure   Level  Hunger
a - Magic Dart            Conj           ####         1%          1    None


Dungeon Overview and Level Annotations

Branches:
Dungeon (3/15)

Altars:
Makhleb


Message History

Tha gnoll hits ye but does nay damage.
Ye be leth'lly poison'd!
Ye climb upwards.
Ye feel sick.
Thar be a stone staircase leadin' down 'ere.
Unknown command.
Ye cannae go up 'ere!
Ye feel sick.
Tha gnoll misses ye.
Tha gnoll completely misses ye.
Ye feel sick.
Tha gnoll barely misses ye.
Tha gnoll misses ye.
Ye feel sick.
Tha gnoll closely misses ye.
Castin': Magic Dart Confirm wit' . or Enter, or press ? or * ta list all spells.
Aimin': Magic Dart
Press: ? - help, Shift-Dir - straight line, f - gnoll
Aim: a gnoll Tha magic dart hits tha gnoll.
Tha gnoll be heavily wounded.
Ye feel sick.
Tha gnoll hits ye from afar wit' a halberd!
Ouch! Tha re'lly hurt!
Ye die...

####........[.........# #.......
.............##.......# #.......
.............##.......# #.......
....#........##.......# #.......
............####......####.......
.................................
........##........g..#...........
........''.........>.#...........
........##......@gg..#..(..(.....
........##...........########....
#.......##...........# #....
#.......##...........# #####
###############......# ########


You could see 3 gnolls.

Vanquished Creatures
  Ijyb (D:2)
  An adder (D:2)
  A gnoll (D:3)
  An ooze (D:3)
  3 worms (D:2)
  2 dart slugs
  4 orcs
  5 bats
  A giant cockroach (D:1)
  4 goblins
  7 hobgoblins
  3 jackals (D:1)
  5 kobolds
  2 giant newts
  11 rats
51 creatures vanquished.

Notes
Turn   | Place    | Note
--------------------------------------------------------------
     0 | D:1      | Heedrag the Deep Elf Conjurer began the quest for the Orb.
     0 | D:1      | Reached XP level 1. HP: 10/10 MP: 6/6
   209 | D:1      | Reached XP level 2. HP: 15/15 MP: 1/8
   410 | D:1      | Reached skill level 5 in Conjurations
   792 | D:2      | Noticed Ijyb
   802 | D:2      | Killed Ijyb
   802 | D:2      | Reached XP level 3. HP: 11/19 MP: 1/10
  1125 | D:2      | Reached XP level 4. HP: 24/24 MP: 7/12
  1594 | D:2      | Found a burning altar of Makhleb.
  1926 | D:3      | Reached skill level 6 in Conjurations
  2043 | D:2      | Slain by a gnoll

Skill      XL: |  1  2  3  4 |
---------------+-------------+-----
Conjurations   | 5 6 |  6.0
Spellcasting   | 4 |  4.6
Dodging        | |  2.4
Stealth        | |  2.4

Action                   |  1- 3 |  4- 6 || total
-------------------------+-------+-------++-------
Melee: Unarmed           |    19 |       ||    19
       Dagger            |     7 |       ||     7
       Hand axe          |       |     1 ||     1
 Cast: Magic Dart        |    69 |    68 ||   137
  Eat: Chunk             |     1 |     2 ||     3
Armor: Robe              |     6 |     2 ||     8
Dodge: Dodged            |    27 |     9 ||    36
